 Dungeon Crawl Stone Soup version 0.30-a0-223-gcb0039aa0c (webtiles) character file.

Game seed: 600129161322399626

292 qw the Chopper (level 6, -10/39 HPs)
             Began as a Gargoyle Fighter on Oct 9, 2022.
             Mangled by an ogre
             ... wielding a +0 giant club
              (20 damage)
             ... on level 4 of the Dungeon.
             The game lasted 00:01:18 (2138 turns).

qw the Chopper (Gargoyle Fighter)                   Turns: 2138, Time: 00:01:18

Health: -10/39     AC: 12    Str: 22    XL:     6   Next: 33%
Magic:  6/6        EV:  6    Int:  8    God:
Gold:   158        SH:  4    Dex:  9    Spells: 5/5 levels left

rFire   . . .      SeeInvis .    Y - +0 war axe
rCold   . . .      Faith    .    c - +0 buckler
rNeg    + . .      Spirit   .    b - +0 scale mail
rPois   inf        Reflect  .    (no helmet)
rElec   +          Harm     .    (no cloak)
rCorr   +          Rampage  .    e - +0 pair of gloves
Will    .....                    (no boots)
Stlth   ..........               (no amulet)
HPRegen 0.26/turn                l - ring of resist corrosion
MPRegen 0.10/turn                (no ring)

@: about to teleport, constricted
A: sickness immunity, AC +4, negative energy resistance 1, electricity
resistance, torment resistance 1, petrification resistance
a: no special abilities


You were on level 4 of the Dungeon.
You visited 1 branch of the dungeon, and saw 4 of its levels.

You collected 208 gold pieces.
You spent 50 gold pieces at shops.


Innate Abilities, Weirdness & Mutations

You are immune to sickness and miasma.
Your stone body is resilient. (AC +4)
You are immune to poison.
You resist negative energy. (rN+)
You are resistant to electric shocks. (rElec)
You are resistant to unholy torment.
You are immune to petrification.


   Skills:
 - Level 4.4 Fighting
 - Level 5.3 Axes
 - Level 3.2 Armour
 + Level 0.0 Dodging
 - Level 3.2 Shields


You had 5 spell levels left.
You didn't know any spells.
Your spell library was empty.

Inventory:

Hand Weapons
 o - a +0 flail
 Y - a +0 war axe (weapon)
Missiles
 n - 3 boomerangs (quivered)
Armour
 b - a +0 scale mail (worn)
 c - a +0 buckler (worn)
 e - a +0 pair of gloves (worn)
Jewellery
 l - a ring of resist corrosion (left hand)
Scrolls
 g - a scroll of immolation {unknown}
 h - a scroll of identify
Potions
 a - a potion of attraction
 d - a potion of might
 i - a potion of lignification {unknown}
 j - a potion of brilliance {unknown}
 k - a potion of ambrosia {unknown}
 m - a potion of resistance {unknown}

Dungeon Overview and Level Annotations

Branches:
Dungeon (4/15)
 Temple: D:4-7

Altars:

Shops:
D:2 *


Message History

You slash the ogre!
The ogre is heavily wounded.
The ogre hits you with a +0 giant club!
The ball python bites you but does no damage.
The ball python grabs you. The ball python constricts you.
You closely miss the ball python. You hit the ogre. You hit the scorpion.
The scorpion stings you but does no damage.
The ogre hits you with a +0 giant club!!
The ball python bites you but does no damage.
The ball python constricts you.
You closely miss the ball python. You hit the ogre but do no damage.
You slash the scorpion! You block the scorpion's attack.
The ball python bites you but does no damage.
The ball python constricts you. The ogre barely misses you.
The scorpion stings you but does no damage.
You hit the ball python but do no damage.
You hit the ogre. You slash the scorpion!
You kill the scorpion!
The ball python bites you but does no damage.
The ball python constricts you.
The ball python bites you but does no damage.
The ball python constricts you.
Your Fighting skill increases to level 4!
You completely miss the ball python. You hit the ogre.
The ogre hits you with a +0 giant club. The ball python barely misses you.
The ball python constricts you.
You hit the ball python but do no damage.
You barely miss the ogre. You block the ball python's attack.
The ball python constricts you. The ogre completely misses you.
The ball python completely misses you. The ball python constricts you.
2138 ||| READING scroll of teleportation.
As you read the scroll of teleportation, it crumbles to dust.
You feel strangely unstable.
The ball python bites you but does no damage.
The ball python constricts you.
The ogre hits you with a +0 giant club!!
Ouch! That really hurt!
You die...

+#########
.........#
.........#
......S..#
......O@.#
......%..#
.>.......#
.........#
.........#
.........#
....>....#
.........#


You could see an ogre and a ball python.

Vanquished Creatures
  2 scorpions
  An orc priest (D:3)
  An orc wizard (D:2)
  4 adders (D:2)
  2 dart slugs
  9 orcs (D:3)
  5 ball pythons
  12 endoplasms
  3 giant cockroaches
  6 goblins
  7 hobgoblins
  2 jackals (D:3)
  2 quokkas (D:1)
  4 bats
  4 frilled lizards
  5 kobolds
  4 rats
73 creatures vanquished.

Vanquished Creatures (collateral kills)
  A rat (D:1)
1 creature vanquished.

Vanquished Creatures (others)
  A kraken (D:1)
  A ghoul (D:1)
  2 minotaurs (D:1)
  A demonspawn (D:1)
  A draconian (D:1)
  2 octopodes (D:1)
  A gargoyle (D:1)
  A vine stalker (D:1)
  A dwarf (D:1)
  2 mummies (D:1)
  A gnoll (D:1)
  An orc (D:1)
  A quokka (D:1)
  11 tentacles (D:1)
27 creatures vanquished.

Grand Total: 101 creatures vanquished

Notes
Turn   | Place    | Note
-------+----------+-------------------------------------------
     0 | D:1      | qw the Gargoyle Fighter began the quest for the Orb.
     0 | D:1      | Reached XP level 1. HP: 14/14 MP: 1/1
     0 | D:1      | 0 ||| qw: Version: 0.2-a-17-g06abaee
     0 | D:1      | 0 ||| qw: Game counter: 2121
     0 | D:1      | 0 ||| qw: Always use a shield: true
     0 | D:1      | 0 ||| qw: God list: Okawaru
     0 | D:1      | 0 ||| qw: Allow faded altars: false
     0 | D:1      | 0 ||| qw: Do Orc after D:15 true
     0 | D:1      | 0 ||| qw: Do second Lair branch before Depths: true
     0 | D:1      | 0 ||| qw: Lair rune preference: random
     0 | D:1      | 0 ||| qw: Plans: Normal, Zot:1-4, God:TSO, Crypt, Tomb,
                  | Pan, Slime:5, Hells, Abyss, Orb
     0 | D:1      | 0 ||| PLANNING D:1-11
     2 | D:1      | Noticed a demonspawn
     2 | D:1      | Noticed a minotaur
     2 | D:1      | Noticed an octopode
     2 | D:1      | Noticed a ghoul
     2 | D:1      | Noticed a minotaur
     2 | D:1      | Noticed a vine stalker
     2 | D:1      | Noticed a kraken
     2 | D:1      | Noticed an octopode
     2 | D:1      | Noticed a draconian
     2 | D:1      | Noticed a dwarf
     2 | D:1      | Noticed a gargoyle
     2 | D:1      | Noticed a demonspawn
     8 | D:1      | Killed a draconian
    10 | D:1      | Killed a vine stalker
    10 | D:1      | Killed a gargoyle
    11 | D:1      | Killed an octopode
    12 | D:1      | Killed an octopode
    13 | D:1      | Killed a dwarf
    16 | D:1      | Killed a minotaur
    20 | D:1      | Killed a ghoul
    24 | D:1      | Killed a demonspawn
    26 | D:1      | Killed a minotaur
    26 | D:1      | Killed a kraken
   120 | D:1      | Reached skill level 2 in Axes
   203 | D:1      | 203 ||| Stepping ~*~*~tactically~*~*~ (stealth).
   206 | D:1      | Reached XP level 2. HP: 19/19 MP: 2/2
   295 | D:1      | Found a faded altar of an unknown god.
   405 | D:1      | Reached skill level 3 in Axes
   443 | D:1      | 443 ||| UPGRADING to ring of resist corrosion.
   444 | D:1      | 444 ||| READING scroll labelled DINOWO CANIOKH.
   445 | D:1      | 445 ||| READING scroll labelled XUKALE GIROU.
   464 | D:1      | Reached XP level 3. HP: 15/23 MP: 3/3
   580 | D:1      | 580 ||| READING 2 scrolls labelled QAHU LUIDD.
   581 | D:1      | 581 ||| READING scroll labelled RIG MICAPPOV.
   582 | D:1      | 582 ||| READING scroll labelled HUOJIK OKLISAL.
   583 | D:1      | 583 ||| DROPPING scroll of blinking.
   603 | D:2      | 603 ||| Stepping ~*~*~tactically~*~*~ (stealth).
   626 | D:2      | 626 ||| Stepping ~*~*~tactically~*~*~ (stealth).
   684 | D:2      | Reached XP level 4. HP: 28/28 MP: 4/4
   752 | D:2      | Found Zeqimok's General Store.
   762 | D:2      | 762 ||| BUYING +0 mace (30 gold).
   762 | D:2      | Bought a +0 mace for 30 gold pieces
   762 | D:2      | 762 ||| BUYING scroll of identify (20 gold).
   762 | D:2      | Bought a scroll of identify for 20 gold pieces
   762 | D:2      | 762 ||| DROPPING +0 club.
   789 | D:2      | 789 ||| Stepping ~*~*~tactically~*~*~ (stealth).
   795 | D:2      | Reached skill level 4 in Axes
   818 | D:2      | 818 ||| Stepping ~*~*~tactically~*~*~ (stealth).
   820 | D:2      | 820 ||| Stepping ~*~*~tactically~*~*~ (stealth).
   834 | D:2      | 834 ||| Stepping ~*~*~tactically~*~*~ (stealth).
   871 | D:2      | 871 ||| Stepping ~*~*~tactically~*~*~ (stealth).
   872 | D:2      | 872 ||| Stepping ~*~*~tactically~*~*~ (stealth).
   885 | D:2      | 885 ||| Stepping ~*~*~tactically~*~*~ (stealth).
   886 | D:2      | 886 ||| Stepping ~*~*~tactically~*~*~ (stealth).
  1141 | D:2      | 1141 ||| UPGRADING to +0 pair of gloves.
  1146 | D:2      | 1146 ||| DRINKING 2 pink potions.
  1147 | D:2      | 1147 ||| READING 2 scrolls of identify.
  1147 | D:2      | 1147 ||| IDENTIFYING fuming black potion
  1148 | D:2      | 1148 ||| DROPPING potion of flight.
  1201 | D:3      | 1201 ||| Stepping ~*~*~tactically~*~*~ (stealth).
  1247 | D:3      | 1247 ||| Stepping ~*~*~tactically~*~*~ (hiding).
  1250 | D:3      | 1250 ||| Stepping ~*~*~tactically~*~*~ (hiding).
  1252 | D:3      | 1252 ||| Stepping ~*~*~tactically~*~*~ (stealth).
  1262 | D:3      | Reached XP level 5. HP: 19/32 MP: 5/5
  1263 | D:3      | 1263 ||| FLEEEEING.
  1264 | D:3      | 1264 ||| FLEEEEING.
  1265 | D:3      | 1265 ||| FLEEEEING.
  1266 | D:3      | 1266 ||| FLEEEEING.
  1267 | D:3      | 1267 ||| FLEEEEING.
  1268 | D:3      | 1268 ||| FLEEEEING.
  1269 | D:3      | 1269 ||| FLEEEEING.
  1270 | D:3      | 1270 ||| FLEEEEING.
  1271 | D:3      | 1271 ||| FLEEEEING.
  1272 | D:3      | 1272 ||| FLEEEEING.
  1273 | D:3      | 1273 ||| FLEEEEING.
  1274 | D:3      | 1274 ||| FLEEEEING.
  1275 | D:3      | 1275 ||| FLEEEEING.
  1276 | D:3      | 1276 ||| FLEEEEING.
  1278 | D:3      | 1278 ||| FLEEEEING.
  1279 | D:3      | 1279 ||| FLEEEEING.
  1280 | D:3      | 1280 ||| FLEEEEING.
  1281 | D:3      | 1281 ||| FLEEEEING.
  1282 | D:3      | 1282 ||| FLEEEEING.
  1286 | D:3      | 1286 ||| FLEEEEING.
  1291 | D:3      | 1291 ||| STAIRDANCE
  1456 | D:3      | 1456 ||| Stepping ~*~*~tactically~*~*~ (stealth).
  1502 | D:3      | Reached skill level 5 in Axes
  1529 | D:3      | 1529 ||| Stepping ~*~*~tactically~*~*~ (hiding).
  1556 | D:3      | 1556 ||| FLEEEEING.
  1557 | D:3      | 1557 ||| FLEEEEING.
  1558 | D:3      | 1558 ||| FLEEEEING.
  1560 | D:3      | 1560 ||| FLEEEEING.
  1562 | D:3      | 1562 ||| FLEEEEING.
  1563 | D:3      | 1563 ||| FLEEEEING.
  1564 | D:3      | 1564 ||| FLEEEEING.
  1565 | D:3      | 1565 ||| FLEEEEING.
  1566 | D:3      | 1566 ||| FLEEEEING.
  1569 | D:3      | 1569 ||| FLEEEEING.
  1570 | D:3      | 1570 ||| FLEEEEING.
  1576 | D:3      | 1576 ||| FLEEEEING.
  1577 | D:3      | 1577 ||| FLEEEEING.
  1578 | D:3      | 1578 ||| FLEEEEING.
  1579 | D:3      | 1579 ||| FLEEEEING.
  1580 | D:3      | 1580 ||| FLEEEEING.
  1581 | D:3      | 1581 ||| FLEEEEING.
  1582 | D:3      | 1582 ||| STAIRDANCE
  1600 | D:2      | Reached XP level 6. HP: 16/38 MP: 6/6
  1961 | D:3      | 1961 ||| DROPPING +0 mace.
  2137 | D:4      | HP: 9/39 [constriction (1)]
  2138 | D:4      | 2138 ||| READING scroll of teleportation.
  2138 | D:4      | Mangled by an ogre

Levels and vault maps discovered:
D:1:      nicolae_arrival_kraken_aquarium_b, layout_basic,
          hellmonk_ecumenical_altar_lost_god, minmay_tromino_v4_b
D:2:      layout_rooms, serial_shops, nicolae_diamond_shop,
          nicolae_kite_square_tiling_tiny
D:3:      layout_loops_cross, minmay_misc_feat_secret_circle
D:4:      layout_basic, cheibriados_altar_1, eat_drink_and_be_merry_uskayaw,
          nicolae_qazlal_scattered_showers, minmay_temple_entry_enclosed_plants

Skill      XL: |  1  2  3  4  5  6 |
---------------+-------------------+-----
Axes           | 2 3 4 5 |  5.3
Fighting       | 4 |  4.4
Armour         | |  3.2
Shields        | |  3.2

Action                   |  1- 3 |  4- 6 || total
-------------------------+-------+-------++-------
Melee: War axe           |    98 |   119 ||   217
Throw: Boomerang         |       |    15 ||    15
  Use: Scroll            |     5 |     2 ||     7
       Potion            |       |     1 ||     1
Armor: Scale mail        |    44 |    66 ||   110
Dodge: Dodged            |    44 |    51 ||    95
Block: Buckler           |    10 |    23 ||    33

Table legend:
 A = Non-vault XP
 B = Vault XP
 C = Vault XP percentage of total XP
 D = Non-vault monster count
 E = Vault monster count
 F = Vault count percentage of total count
                 A         B        C        D         E       F
            +---------+---------+-------+---------+---------+-------
      Total |     415 |       3 |   0.7 |      72 |       2 |   2.7
            +---------+---------+-------+---------+---------+-------
        D:1 |      40 |       3 |   7.0 |      24 |       2 |   7.7
        D:2 |     121 |       0 |   0.0 |      23 |       0 |   0.0
        D:3 |     171 |       0 |   0.0 |      22 |       0 |   0.0
        D:4 |      83 |       0 |   0.0 |       3 |       0 |   0.0
            +---------+---------+-------+---------+---------+-------
